AoeStats
← 漂亮国五星上将艾森豪威尔下士

Arena

510726399Analyzed
1v1 RM · 20h ago on Oct 2, 2026· 44m 1s· 2 players
Game mode
Random Map
Map size
Tiny (2 player)
Population
200
Speed
Normal
Resources
Standard
Victory
Conquest
Starting age
Dark Age
Ending age
Imperial Age
RankedLock teamsTeams togetherTeam positionsShared explorationLock speedFull tech treeHidden civsTurbo modeCheats
Victory
Defeat
🇭🇰 Teutons · Hong Kong SAR China
841
+17
🇿🇦 Britons · South Africa
861
-17
漂亮国五星上将艾森豪威尔下士
10:32 Feudal Age
15:57 Castle Age
14:09 Double-Bit Axe
14:10 Horse Collar
17:30 Bow Saw
18:36 Gold Mining
22:17 Scale Mail Armor
23:52 Stone Mining
26:20 Wheelbarrow
26:25 Heavy Plow
30:35 Imperial Age
28:43 Bloodlines
28:52 Forging
28:49 Scale Barding Armor
30:03 Stone Shaft Mining
29:57 Fortified Wall
29:58 Masonry
30:12 Hand Cart
31:14 Town Watch
31:53 Chain Barding Armor
32:09 Iron Casting
30:58 Pikeman
31:06 Cavalier
33:07 Conscription
34:09 Two-Man Saw
32:53 Paladin
35:30 Hoardings
35:34 Plate Barding Armor
36:00 Blast Furnace
35:04 Squires
35:51 Town Patrol
37:48 Loom
38:11 Siege Engineers
38:27 Chain Mail Armor
37:45 Elite Skirmisher
41:02 Ironclad
41:06 Crenellations
40:45 Arson
42:14 Halberdier
balugamoo
10:29 Feudal Age
11:24 Double-Bit Axe
17:15 Castle Age
15:55 Stone Mining
16:22 Gold Mining
16:36 Horse Collar
16:45 Man-at-Arms
20:09 Pikeman
20:50 Squires
23:08 Wheelbarrow
22:19 Loom
24:30 Bow Saw
25:19 Hand Cart
25:18 Town Watch
25:54 Fletching
29:02 Gold Shaft Mining
29:02 Bodkin Arrow
29:58 Gambesons
34:12 Imperial Age
32:25 Town Patrol
32:56 Ballistics
33:02 Husbandry
34:49 Forging
34:40 Padded Archer Armor
35:16 Yeomen
35:19 Conscription
35:21 Bracer
36:30 Long Swordsman
36:34 Halberdier
37:53 Warwolf
37:21 Cavalier
38:27 Two-Handed Swordsman
41:01 Leather Archer Armor
40:46 Scale Mail Armor
41:23 Iron Casting
43:19 Murder Holes
Connection lost

Rejoining the realm…

Still unreachable

The connection could not be restored.

Session expired

The server has moved on; the page needs a fresh start.